 Dungeon Crawl Stone Soup version 0.29.1-2-gbd0b4ee654 (webtiles) character file.

Game seed: 12293981239921549983

72773 Mitcholas the Peltast (level 15, -29/195 HPs)
             Began as a Minotaur Berserker on Nov 12, 2022.
             Was a High Priest of Trog.
             Killed from afar by Azrael (43 damage)
             ... with damnation
             ... on level 1 of the Spider Nest.
             The game lasted 01:19:03 (25696 turns).

Mitcholas the Peltast (Minotaur Berserker)         Turns: 25696, Time: 01:19:04

Health: -29/195    AC: 23    Str: 29    XL:     15   Next: 2%
Magic:  14/14      EV: 17    Int:  7    God:    Trog [*****.]
Gold:   1206       SH: 20    Dex: 14    Spells: 14/14 levels left

rFire   . . .      SeeInvis .   Q - +10 morningstar "Eos" {elec, Halo rElec}
rCold   . . .      Faith    +   w - +0 tower shield
rNeg    . . .      Spirit   .   d - +3 ring mail of Lifelessness {rPois Will+ rCorr Dex+4}
rPois   +          Reflect  .   s - +2 hat {Int+3}
rElec   +          Harm     .   p - +2 cloak
rCorr   +          Rampage  .   (no gloves)
Will    ++++.                   J - +2 pair of boots
Stlth   ..........              o - amulet of faith
HPRegen 1.42/turn               l - +4 ring of protection
MPRegen 0.14/turn               a - ring of resist corrosion

@: berserking, strong-willed, regenerating, glowing, very quick
A: horns 2, retaliatory headbutt
a: Renounce Religion, Berserk, Trog's Hand, Brothers in Arms


You were on level 1 of the Spider Nest.
You worshipped Trog.
Trog was extremely pleased with you.
You visited 5 branches of the dungeon, and saw 20 of its levels.
You also visited: Ossuary.

You collected 2150 gold pieces.
You spent 944 gold pieces at shops.

Inventory:

Hand Weapons
 Q - the +10 morningstar "Eos" (weapon) {elec, Halo rElec}
   (Trog gifted it to you on level 4 of the Lair of Beasts)

   It occasionally discharges a powerful burst of electricity upon striking a
   foe.
   It grants its wielder a halo, revealing invisible creatures and increasing
   accuracy against all within it other than the wielder.
   rElec:     It insulates you from electricity.
Missiles
 f - 4 throwing nets
 i - 17 poisoned darts (quivered)
Armour
 d - the +3 ring mail of Lifelessness (worn) {rPois Will+ rCorr Dex+4}
   (You bought it in a shop on level 1 of the Orcish Mines)

   Dex:       It affects your dexterity (+4).
   rPois:     It protects you from poison.
   rCorr:     It protects you from acid and corrosion.
   Will:      It increases your willpower.
 p - a +2 cloak (worn)
 s - a +2 hat of intelligence (worn)
 w - a +0 tower shield (worn)
 J - a +2 pair of boots (worn)
Jewellery
 a - a ring of resist corrosion (right hand)
 l - a +4 ring of protection (left hand)
 o - an amulet of faith (around neck)
 G - a ring of willpower
Wands
 c - a wand of paralysis (8)
 r - a wand of acid (2)
 I - a wand of flame (50)
 N - a wand of mindburst (4)
Scrolls
 b - 2 scrolls of identify
 j - 7 scrolls of immolation
 k - 4 scrolls of enchant weapon
 n - a scroll of silence
 v - 5 scrolls of teleportation
 x - 2 scrolls of fear
 z - 2 scrolls of fog
 D - 3 scrolls of blinking
 H - 3 scrolls of magic mapping
Potions
 e - 13 potions of curing
 g - 2 potions of berserk rage
 h - 3 potions of attraction
 m - a potion of resistance
 u - 6 potions of heal wounds
 A - 2 potions of magic
 B - a potion of cancellation
 E - 4 potions of haste
 K - 2 potions of lignification
 O - a potion of might
Miscellaneous
 y - a condenser vane


   Skills:
 + Level 11.4 Fighting
 - Level 16.0 Maces & Flails
 + Level 10.8 Armour
 - Level 16.0 Dodging
 * Level 18.5 Shields
 + Level 5.1 Evocations


You had 14 spell levels left.
You didn't know any spells.
Your spell library was empty.

Dungeon Overview and Level Annotations

Branches:
Dungeon (11/15)            Temple (1/1) D:6            Lair (5/5) D:9
  Swamp (0/4) Lair:2       Spider (1/4) Lair:3        Slime (0/5) Lair:4
    Orc (2/2) D:11            Elf (0/3) Orc:2       Ossuary (visited)

Altars:
Ashenzari
Cheibriados
Dithmenos
Elyvilon
Fedhas
Gozag
Hepliaklqana
Kikubaaqudgha
Makhleb
Nemelex Xobeh
Okawaru
Qazlal
Ru
Sif Muna
Trog
Uskayaw
Vehumet
Wu Jian
Xom
Yredelemnul
Zin
The Shining One
Jiyva

Shops:
D:11 [   Orc:1 [   Orc:2 ***:

Annotations:
D:3 1 runed translucent door, Crazy Yiuf
Lair:4 1 runed translucent door
Spider:1 Azrael


Innate Abilities, Weirdness & Mutations

You have a pair of horns on your head.
You reflexively headbutt those who attack you in melee.


Message History

There is a web here.
You struggle to detach yourself from the web.
You disentangle yourself.
Azrael, 2 hell hounds and 2 fire elementals come into view.
Azrael is wielding a +3 scimitar of flaming.
The hell hound barks!
You hear a bark! x2
A hell hound comes into view.
The fire elemental passes through a web.
Azrael gestures at you.
The sphere of damnation explodes!
The damnation engulfs you!!
A hell hound comes into view.
The hell hound moves out of view.
The hell hound barks!
You hear a chilling moan.
You hear a faint skittering sound.
You hear a faint skittering sound.
Your ogre goes berserk!
Azrael gestures at you.
The sphere of damnation explodes!
The damnation engulfs you!!!
You hear a faint skittering sound.
Your skin crawls.
You feel strong-willed. Azrael gestures at you.
The sphere of damnation explodes!
The damnation engulfs you!!
* * * LOW HITPOINT WARNING * * *
A red film seems to cover your vision as you go berserk!
You feel yourself moving faster!
You feel mighty!
Your ogre hits Azrael with a +0 giant club!!!
Azrael gestures at you.
The fireball explodes!
The fireball engulfs you!!!
* * * LOW HITPOINT WARNING * * *
You feel a strong urge to attack something.
Your ogre hits Azrael with a +0 giant club!
Azrael drinks a potion.
Azrael is healed!
A redback comes into view.
Your ogre hits Azrael with a +0 giant club!
You completely miss Azrael.
Azrael is moderately wounded.
Azrael gestures at you.
The sphere of damnation explodes!
The damnation engulfs you!!!
You die... ..........## ...........## h# ......#.....### #Rh

.....##....^..## ..
......#..?.....## #h#
................## E☼
.................# ☼#
............#....####E###
...........###^.@...s...#
..........#####.OR###...#
......###......#### ..##
.....## ######## #...
....## #... ^#.## #....
†### ..#. .# .. †#


You could see Azrael (ally target), a fire elemental (distracted), a redback and
a friendly ogre (summoned, berserk).

Vanquished Creatures
  Gastronok (D:8)
  A ghost moth (Spider:1)
  A broodmother (Lair:3)
  Josephine (D:10)
  5 boulder beetles
  Harold (D:9)
  4 hydras
  A two-headed ogre (D:10)
  10 death yaks
  5 orc high priests
  2 orb spiders
  2 bog bodies (Lair:2)
  2 lindwurms
  An oklob plant (Lair:5)
  Pikel (D:4)
  A cyclops (Orc:2)
  An ugly thing (D:9)
  2 wolf spiders
  6 orc sorcerers
  A manticore (D:11)
  6 black mambas
  6 elephants (Lair:5)
  Joseph (D:8)
  2 torpor snails
  3 molten gargoyles (Lair:5)
  20 cane toads
  Psyche (D:8)
  13 komodo dragons
  5 trolls
  A merfolk (D:10)
  A polar bear (Lair:3)
  6 tarantellas
  12 blink frogs
  4 dream sheep
  6 jumping spiders (Spider:1)
  Sigmund (D:6)
  4 culicivoras
  2 vampires
  Eustachio (D:4)
  6 wraiths
  10 wyverns
  6 basilisks
  46 yaks
  3 redbacks (Spider:1)
  3 steam dragons (Lair:5)
  3 vampire mosquitoes (D:11)
  Menkaure (D:7)
  3 swamp worms (Lair:2)
  2 wargs
  2 acid dragons
  15 water moccasins
  5 hell hounds (Lair:5)
  2 ice beasts
  17 orc warriors
  6 black bears
  10 ogres
  3 centaurs
  6 wolves (Lair:2)
  A kobold brigand (D:5)
  2 phantoms
  Blork the orc (D:4)
  15 bullfrogs
  13 scorpions
  14 killer bees
  An electric eel (Lair:2)
  A howler monkey (D:3)
  3 centaur zombies (Ossuary)
  5 lava snakes (Lair:5)
  5 hounds (D:6)
  A jelly (D:6)
  A gnoll bouda (D:6)
  25 orc priests
  Ijyb (D:3)
  Jessica (D:2)
  7 iguanas
  4 scorpion zombies (Ossuary)
  33 orc wizards
  A hell rat (Lair:4)
  3 mummies (Ossuary)
  7 gnolls
  10 adders
  A white imp (D:5)
  2 ufetubi
  A worm (D:2)
  2 dart slugs (D:1)
  85 orcs
  9 ball pythons
  7 bats
  4 endoplasms
  5 giant cockroaches
  2 gnoll zombies (Ossuary)
  6 goblins
  6 hobgoblins
  7 jackals
  2 quokkas
  A frilled lizard (D:1)
  2 goblin zombies (Ossuary)
  9 kobolds
  4 kobold zombies (Ossuary)
  5 orc zombies (Ossuary)
  3 rats
  A plant (Lair:5)
612 creatures vanquished.

Vanquished Creatures (collateral kills)
  A fire dragon (Lair:5)
1 creature vanquished.

Vanquished Creatures (others)
  An iguana (D:5)
  45 fungi
  40 plants
86 creatures vanquished.

Grand Total: 699 creatures vanquished

Notes
Turn   | Place    | Note
-------+----------+-------------------------------------------
     0 | D:1      | Mitcholas the Minotaur Berserker began the quest for the
                  | Orb.
     0 | D:1      | Reached XP level 1. HP: 19/19 MP: 0/0
    78 | D:1      | You fall into a shaft and drop 1 floor!
    99 | D:2      | Identified the +5 ring mail of the World {rElec rC+}
   190 | D:2      | Reached XP level 2. HP: 21/26 MP: 1/1
   200 | D:2      | Reached skill level 5 in Maces & Flails
   360 | D:2      | Reached XP level 3. HP: 31/31 MP: 2/2
   972 | D:1      | Reached ** piety under Trog
  1182 | D:1      | Found a faded altar of an unknown god.
  1311 | D:2      | Noticed Jessica
  1318 | D:2      | Killed Jessica
  1319 | D:2      | Reached XP level 4. HP: 33/39 MP: 3/3
  2085 | D:3      | Noticed Ijyb
  2106 | D:3      | Killed Ijyb
  2107 | D:3      | Reached XP level 5. HP: 45/45 MP: 4/4
  2260 | D:3      | Found a sacrificial altar of Ru.
  2365 | D:3      | Found a shadowy altar of Dithmenos.
  2422 | D:3      | Found a runed translucent door.
  2423 | D:3      | Noticed Crazy Yiuf
  2469 | D:3      | Found a shimmering altar of Xom.
  2837 | D:4      | Noticed Pikel
  2933 | D:4      | Noticed an ogre
  2979 | D:3      | Killed an ogre
  2980 | D:3      | Reached XP level 6. HP: 51/51 MP: 5/5
  3113 | D:4      | Killed Pikel
  3114 | D:4      | Reached skill level 10 in Maces & Flails
  3114 | D:4      | Reached XP level 7. HP: 57/57 MP: 6/6
  3240 | D:4      | Noticed Blork the orc
  3246 | D:4      | Killed Blork the orc
  3268 | D:4      | Noticed Eustachio
  3298 | D:4      | Killed Eustachio
  3299 | D:4      | Reached XP level 8. HP: 63/64 MP: 7/7
  3304 | D:4      | Found a bloodstained altar of Trog.
  3580 | D:5      | Entered Level 5 of the Dungeon
  4410 | D:5      | Reached *** piety under Trog
  4665 | D:6      | Noticed Sigmund
  4751 | D:6      | Reached XP level 9. HP: 50/70 MP: 8/8
  4850 | D:6      | Found a staircase to the Ecumenical Temple.
  4946 | D:6      | Killed Sigmund
  5140 | D:6      | Reached skill level 1 in Shields
  5426 | D:6      | Noticed a boulder beetle
  5449 | D:6      | Reached skill level 2 in Shields
  5502 | D:6      | Reached skill level 3 in Shields
  5563 | D:6      | Reached **** piety under Trog
  5650 | D:6      | Killed a boulder beetle
  5651 | D:6      | Reached skill level 5 in Fighting
  5651 | D:6      | Reached skill level 5 in Shields
  6140 | D:7      | Reached XP level 10. HP: 81/81 MP: 9/9
  6208 | D:7      | Found a sand-covered staircase.
  6213 | Ossuary  | Entered an ossuary
  6558 | Ossuary  | Reached ***** piety under Trog
  6559 | Ossuary  | Reached skill level 6 in Shields
  6572 | Ossuary  | Reached skill level 5 in Armour
  6807 | D:7      | Found a burning altar of Makhleb.
  6880 | D:7      | Found a glowing golden altar of the Shining One.
  6960 | D:7      | Identified the +4 scimitar of Killer Klown's Bane {vorpal,
                  | rF+ Str+2 Dex+2} (Trog gifted it to you on level 7 of the
                  | Dungeon)
  6960 | D:7      | Received a gift from Trog
  7259 | D:7      | Found an ornate altar of the Wu Jian Council.
  7440 | D:7      | Noticed Menkaure
  7446 | D:7      | Killed Menkaure
  7494 | D:7      | Noticed an angel
  7495 | D:7      | Found a glowing silver altar of Zin.
  7663 | Temple   | Entered the Ecumenical Temple
  7803 | D:8      | Reached skill level 5 in Dodging
  7812 | D:8      | Reached skill level 7 in Shields
  7915 | D:8      | Noticed Gastronok
  7939 | D:8      | Noticed Joseph
  7945 | D:8      | Killed Joseph
  7992 | D:8      | Killed Gastronok
  7993 | D:8      | Reached skill level 8 in Shields
  8070 | D:8      | Identified a scroll of acquirement
  8070 | D:8      | Acquired a manual of Dodging
  8680 | D:8      | Reached XP level 11. HP: 92/92 MP: 10/10
  8822 | D:8      | Reached skill level 15 in Maces & Flails
  8884 | D:8      | Noticed Psyche
  8895 | D:8      | Killed Psyche
  8896 | D:8      | Reached skill level 1 in Evocations
  9116 | D:8      | Reached skill level 9 in Shields
  9123 | D:8      | Found a stormy altar of Qazlal.
  9186 | D:9      | Noticed a green ugly thing
  9192 | D:9      | Killed a green ugly thing
  9505 | D:9      | Found a snail-covered altar of Cheibriados.
  9521 | D:9      | Found a hazy altar of Hepliaklqana.
  9891 | D:9      | Noticed Harold
  9915 | D:9      | Killed Harold
  9919 | D:9      | Found a staircase to the Lair.
 10663 | D:10     | Entered Level 10 of the Dungeon
 10731 | D:10     | Reached skill level 10 in Shields
 10886 | D:10     | Received a gift from Trog
 11840 | D:10     | Noticed a two-headed ogre
 11847 | D:10     | Killed a two-headed ogre
 12024 | D:10     | Noticed Josephine
 12030 | D:10     | Killed Josephine
 12047 | D:10     | Reached XP level 12. HP: 90/103 MP: 11/11
 12181 | D:11     | Reached skill level 11 in Shields
 12209 | D:11     | Noticed an eight-headed hydra
 12223 | D:11     | Killed an eight-headed hydra
 12295 | D:11     | Found Recas's Antique Armour Shoppe.
 12596 | D:11     | Noticed a six-headed hydra
 12630 | D:11     | Killed a six-headed hydra
 12781 | D:11     | Noticed a boulder beetle
 12950 | D:10     | Killed a boulder beetle
 13375 | D:11     | Found a staircase to the Orcish Mines.
 13442 | D:11     | Bought a pair of boots for 148 gold pieces
 13505 | Lair:1   | Entered Level 1 of the Lair of Beasts
 13922 | Lair:1   | Noticed a death yak
 13922 | Lair:1   | Noticed a death yak
 13963 | D:9      | Reached skill level 10 in Dodging
 13963 | D:9      | Reached skill level 12 in Shields
 14073 | Lair:1   | Noticed a death yak
 14073 | Lair:1   | Noticed a death yak
 14073 | Lair:1   | Noticed a death yak
 14083 | D:9      | Killed a death yak
 14087 | D:9      | Killed a death yak
 14160 | D:9      | Killed a death yak
 14167 | D:9      | Killed a death yak
 14218 | Lair:1   | Killed a death yak
 14308 | Lair:1   | Reached skill level 13 in Shields
 14983 | Lair:2   | Identified the +11 hand axe of the Inferno {flame, Drain
                  | rElec rC+ Will+} (Trog gifted it to you on level 2 of the
                  | Lair of Beasts)
 14983 | Lair:2   | Received a gift from Trog
 15019 | Lair:2   | Reached XP level 13. HP: 110/110 MP: 12/12
 15459 | Lair:2   | Reached skill level 10 in Armour
 16041 | Lair:2   | Found a staircase to the Swamp.
 16396 | Lair:3   | Found a hole to the Spider Nest.
 16845 | Lair:3   | Reached skill level 14 in Shields
 17310 | Lair:3   | Found a hazy altar of Hepliaklqana.
 17934 | Lair:4   | Found a runed translucent door.
 17935 | Lair:4   | Found a viscous altar of Jiyva.
 17937 | Lair:4   | Found a staircase to the Slime Pits.
 18017 | Lair:4   | Found a sparkling altar of Nemelex Xobeh.
 18223 | Lair:4   | Reached skill level 15 in Shields
 18846 | Lair:5   | Entered Level 5 of the Lair of Beasts
 18920 | Lair:4   | Received a gift from Trog
 18920 | Lair:4   | Found the +10 morningstar "Eos" {elec, Halo rElec}
 19150 | Lair:5   | Reached skill level 16 in Shields
 19986 | Lair:5   | Reached XP level 14. HP: 118/118 MP: 13/13
 20020 | Lair:5   | Found a large runed translucent door.
 20367 | Lair:5   | Found a large runed translucent door.
 20904 | Lair:5   | Reached skill level 10 in Fighting
 20908 | Lair:5   | Reached skill level 15 in Dodging
 20914 | Lair:5   | Reached skill level 17 in Shields
 21468 | Lair:5   | Found a blossoming altar of Fedhas.
 22500 | Orc:1    | Entered Level 1 of the Orcish Mines
 22552 | Orc:2    | Entered Level 2 of the Orcish Mines
 22727 | Orc:2    | Received a gift from Trog
 22985 | Orc:1    | Found Domecs's Armour Boutique.
 23014 | Orc:1    | Bought the +3 ring mail of Lifelessness {rPois Will+ rCorr
                  | Dex+4} for 796 gold pieces
 23437 | Orc:2    | Found a staircase to the Elven Halls.
 23489 | Orc:1    | Reached skill level 18 in Shields
 23761 | Orc:2    | Received a gift from Trog
 24927 | Orc:2    | Found Jaewoek's General Store.
 24927 | Orc:2    | Found Dodisouw's General Store.
 24931 | Orc:2    | Found Gadwoaha's Assorted Antiques.
 24931 | Orc:2    | Found Etreg's Book Boutique.
 25187 | Spider:1 | Entered Level 1 of the Spider Nest
 25187 | Spider:1 | Noticed a broodmother
 25235 | Lair:3   | Killed a broodmother
 25526 | Spider:1 | Received a gift from Trog
 25527 | Spider:1 | Reached skill level 5 in Evocations
 25587 | Spider:1 | Noticed a ghost moth
 25593 | Spider:1 | Killed a ghost moth
 25636 | Spider:1 | Reached XP level 15. HP: 130/130 MP: 6/14
 25681 | Spider:1 | Noticed Azrael
 25696 | Spider:1 | Killed from afar by Azrael

Illustrated notes

Levels and vault maps discovered:
D:1:      mrwooster_arrival_statue_3, layout_rooms,
          hellmonk_ecumenical_altar_defaced_shrine
D:2:      layout_loops_corners, uniq_jessica
D:3:      layout_rooms, lemuel_tele_altar, nicolae_ru_awakened_eye,
          old_standard_altar, uniq_crazy_yiuf_cottage, uniq_ijyb
D:4:      layout_cave_pools, trog_book, uniq_pikel, uniq_eustachio,
          uniq_blork_the_orc
D:5:      layout_basic
D:6:      minmay_clustersquares, layout_rooms, minmay_temple_entry_from_below_a,
          uniq_sigmund
D:7:      layout_basic, zin_angel, mainiacjoe_overflow_alcove_1,
          nicolae_tso_carved_into_rock, nicolae_overflow_hidden_temple,
          enter_ossuary_2, uniq_menkaure
D:8:      layout_loops_ring, marbit_many_paths, corexii_checkpoint_a,
          uniq_psyche, uniq_gastronok, uniq_joseph
D:9:      layout_small_grid, mainiacjoe_overflow_catwalk_spiral,
          grunt_lair_entry_orc_guard_hut, uniq_harold
D:10:     layout_stronghold, hangedman_fish_farm, uniq_josephine
D:11:     layout_cave_pools, hiddenorc1_lemuel, serial_shops, shop
Temple:   nicolae_temple_ecumenical_triangle
Lair:1:   layout_long_grid, beast_lair_carwin_10, grunt_megastairs_3
Lair:2:   layout_cave_pods, nicolae_swamp_entry_splash_gauntlet
Lair:3:   layout_loops_ring, nicolae_spider_entry_orb_guardian, basic_altar,
          grunt_megastairs_4
Lair:4:   nzn_winding_woodlands_small [nzn_winding_woodlands_5x15_eye,
          nzn_winding_woodlands_center_pierced_h,
          nzn_winding_woodlands_5x15_crooked], layout_misc_corridors,
          slime_entry_2, basic_altar
Lair:5:   cheibrodos_lair_end_hotspot, layout_gridlike, tgw_fedhas
Spider:1: layout_cave_pods, uniq_azrael, uniq_aizul
Orc:1:    layout_diamond_mine, serial_shops, nicolae_shop_hallway_plus
Orc:2:    st_orc_mages, layout_diamond_mine

Skill      XL: |  1  2  3  4  5  6  7  8  9 10 11 12 13 14 15 |
---------------+----------------------------------------------+-----
Maces & Flails | 4 5 6 7 8 10 11 14 15 16 | 16.0
Shields        | 5 8 10 13 16 18 | 18.5
Fighting       | 5 7 8 9 11 | 11.4
Armour         | 4 6 8 9 10 | 10.8
Dodging        | 4 6 8 11 14 15 16 | 16.0
Evocations     | 3 4 5 |  5.1

Action                   |  1- 3 |  4- 6 |  7- 9 | 10-12 | 13-15 || total
-------------------------+-------+-------+-------+-------+-------++-------
Melee: Mace              |    58 |     7 |       |       |       ||    65
       Headbutt          |     8 |    14 |    37 |   151 |   209 ||   419
       Flail             |       |    89 |   252 |   156 |       ||   497
       Punch             |       |     1 |       |       |       ||     1
       Morningstar       |       |       |       |   607 |   836 ||  1443
       Scimitar          |       |       |       |       |     1 ||     1
Invok: Berserk           |     1 |     3 |     5 |    14 |     9 ||    32
       Trog's Hand       |       |       |     2 |     6 |     5 ||    13
       Brothers in Arms  |       |       |       |       |     2 ||     2
Evoke: Condenser vane    |       |       |       |     1 |       ||     1
  Use: Scroll            |       |       |     8 |    15 |     9 ||    32
       Potion            |       |       |       |     1 |       ||     1
 Stab: Distracted        |       |     1 |       |       |       ||     1
Armor: Animal skin       |     7 |     5 |       |       |       ||    12
       Ring mail         |       |    27 |   125 |   274 |   164 ||   590
Dodge: Dodged            |    36 |    68 |   108 |   189 |   221 ||   622
Block: Tower shield      |       |       |    38 |   460 |   619 ||  1117
